 Dungeon Crawl Stone Soup version 0.29.1-1-gd02db6906a (webtiles) character file.

Game seed: 10612701161496693905

959 quakins the Magician (level 8, -2/52 HPs)
             Began as a Merfolk Ice Elementalist on Oct 4, 2022.
             Slain by Pikel
             ... wielding a +0 whip of electrocution
              (5 damage)
             ... on level 5 of the Dungeon.
             The game lasted 00:27:36 (7925 turns).

quakins the Magician (Merfolk Ice Elementalist)     Turns: 7925, Time: 00:27:37

Health: -2/52      AC:  8    Str:  9    XL:     8   Next: 14%
Magic:  5/18       EV: 11    Int: 16    God:
Gold:   203        SH:  4    Dex: 14    Spells: 14/21 levels left

rFire   . . .      SeeInvis .   f - +2 mace (protect)
rCold   + . .      Faith    .   d - +1 buckler
rNeg    . . .      Spirit   .   i - +0 leather armour
rPois   .          Reflect  .   (no helmet)
rElec   .          Harm     .   (no cloak)
rCorr   .          Rampage  .   (no gloves)
Will    +....                   (no boots)
Stlth   ++........              (no amulet)
HPRegen 0.17/turn               a - ring of willpower
MPRegen 0.16/turn               h - ring of protection from cold

@: ice-armoured
A: (nimble swimmer 2), mertail
a: no special abilities


You were on level 5 of the Dungeon.
You visited 2 branches of the dungeon, and saw 6 of its levels.

You collected 203 gold pieces.

Inventory:

Hand Weapons
 f - a +2 mace of protection (weapon)
 p - a +0 dagger of freezing
Armour
 d - a +1 buckler (worn)
 i - a +0 leather armour (worn)
Jewellery
 a - a ring of willpower (left hand)
 h - a ring of protection from cold (right hand)
Wands
 c - a wand of flame (25)
Scrolls
 e - a scroll of brand weapon
 l - 2 scrolls of teleportation
Potions
 b - a potion of magic
 g - a potion of flight
 j - 3 potions of mutation
 k - a potion of curing {unknown}
 m - a potion of cancellation {unknown}
 n - a potion of ambrosia {unknown}


   Skills:
 - Level 2.6 Dodging
 - Level 2.1 Stealth
 + Level 7.3 Spellcasting
 - Level 7.0 Ice Magic


You had 14 spell levels left.
You knew the following spells:

 Your Spells              Type           Power      Damage    Failure   Level
a - Freeze                Ice            100%       1d11      1%          1
b - Frozen Ramparts       Ice            56%        1d9       4%          3
c - Ozocubu's Armour      Ice            28%        N/A       4%          3

Your spell library contained the following spells:

 Spells                   Type           Power      Damage    Failure   Level
 Slow                     Hex            20%        N/A       24%         1
 Hailstorm                Conj/Ice       17%        3d6       50%         4
 Confusing Touch          Hex            5%         N/A       56%         3
 Vampiric Draining        Necr           5%         2d6       56%         3


Dungeon Overview and Level Annotations

Branches:
Dungeon (5/15)             Temple (1/1) D:5

Altars:
Cheibriados
Elyvilon
Fedhas
Hepliaklqana
Makhleb
Okawaru
Qazlal
Trog
Uskayaw
Xom
Yredelemnul
Zin
The Shining One

Annotations:
D:2 Sigmund
D:5 Pikel


Innate Abilities, Weirdness & Mutations

((You are very nimble when in or above water. (Stealth+, EV+, Speed+++)))
Your lower body shifts to a powerful aquatic tail in water.


Message History

You freeze the lemure.
You kill the lemure!
That felt strangely unrewarding.
The wall freezes Pikel.
Aiming: Freeze (safe; 1% risk of failure)
Press: ? - help, Q - select action, (/) - cycle Shift-Dir - straight line, f - Pikel
Aim: Pikel, wielding a +0 whip of electrocution and wearing a +0 robe (lightly wounded)
You freeze Pikel.
Pikel is moderately wounded.
The frozen ramparts melt away.
Pikel barely misses you.
Aiming: Freeze (safe; 1% risk of failure)
Press: ? - help, Q - select action, (/) - cycle Shift-Dir - straight line, f/p - Pikel
Aim: Pikel, wielding a +0 whip of electrocution and wearing a +0 robe (moderately wounded)
You freeze Pikel.
Pikel is moderately wounded.
Pikel barely misses you.
Aiming: Freeze (safe; 1% risk of failure)
Press: ? - help, Q - select action, (/) - cycle Shift-Dir - straight line, f/p - Pikel
Aim: Pikel, wielding a +0 whip of electrocution and wearing a +0 robe (moderately wounded)
You freeze Pikel!
Pikel is heavily wounded.
You block Pikel's attack.
Aiming: Freeze (safe; 1% risk of failure)
Press: ? - help, Q - select action, (/) - cycle Shift-Dir - straight line, f/p - Pikel
Aim: Pikel, wielding a +0 whip of electrocution and wearing a +0 robe (heavily wounded)
You freeze Pikel!
Pikel is severely wounded.
Pikel hits you with a +0 whip of electrocution.
You are electrocuted!!
You closely miss Pikel.
Pikel is severely wounded.
Pikel says, "You'll make a fine lemure."
Pikel misses you.
Pikel hits you with a +0 whip of electrocution!
You are electrocuted!
* * * LOW HITPOINT WARNING * * *
You barely miss Pikel.
Pikel is severely wounded.
Pikel hits you with a +0 whip of electrocution.
You die...

....... ......#........
.....! ...#......##... ?
... .......#....... #.#.#
#.###......... #.#.####K#
#.#.#.#### #.###....5...#
###....... #.......######
####....#.#
#.##.##.5K#######.....#.#.#
#....##@...#....##......
#.##.##.##.#.#..##.#.#.. ..
#.##.##...#..##.#.#.. #
#....####.#.....#.###
###### #.#.#####.#
#.#.......# ###########


You could see Pikel and a lemure.

Vanquished Creatures
  A water moccasin (D:5)
  Duvessa (D:4)
  An ice beast (D:5)
  3 lemures (D:5)
  2 scorpions
  Dowan (D:4)
  2 jellies
  3 orc priests
  An iguana (D:4)
  Natasha (thrice) (D:4)
  4 orc wizards (D:4)
  Robin (D:4)
  4 adders
  3 worms
  2 dart slugs
  16 orcs
  3 endoplasms
  4 giant cockroaches
  12 goblins
  5 hobgoblins
  10 jackals
  6 kobolds
  3 quokkas
  7 ball pythons
  3 bats
101 creatures vanquished.

Vanquished Creatures (others)
  A wizard (D:5)
  11 fungi (D:3)
12 creatures vanquished.

Grand Total: 113 creatures vanquished

Notes
Turn   | Place    | Note
-------+----------+-------------------------------------------
     0 | D:1      | quakins the Merfolk Ice Elementalist began the quest for
                  | the Orb.
     0 | D:1      | Reached XP level 1. HP: 13/13 MP: 3/3
   104 | D:1      | Found a faded altar of an unknown god.
   647 | D:1      | Reached XP level 2. HP: 19/19 MP: 3/5
  1180 | D:2      | Found a shimmering altar of Xom.
  1440 | D:2      | Noticed Sigmund
  2287 | D:3      | Reached XP level 3. HP: 24/24 MP: 4/7
  2469 | D:4      | Learned a level 3 spell: Frozen Ramparts
  2473 | D:4      | Learned a level 3 spell: Ozocubu's Armour
  2554 | D:4      | Noticed Robin
  2705 | D:3      | Noticed a scorpion
  3055 | D:3      | Reached XP level 4. HP: 27/30 MP: 3/10
  3640 | D:4      | Noticed Dowan
  3641 | D:4      | Noticed Duvessa
  3983 | D:4      | Reached skill level 5 in Ice Magic
  3983 | D:4      | Reached XP level 5. HP: 24/35 MP: 6/11
  4262 | D:4      | Reached XP level 6. HP: 27/41 MP: 5/12
  4712 | D:4      | Noticed Natasha
  4795 | D:4      | Killed Natasha
  4944 | D:4      | Killed Duvessa
  4945 | D:4      | Reached skill level 5 in Spellcasting
  4945 | D:4      | Reached XP level 7. HP: 33/46 MP: 3/14
  5241 | D:4      | Noticed Natasha
  5252 | D:4      | Killed Natasha
  5322 | D:4      | Killed Dowan
  5471 | D:4      | Noticed Natasha
  5479 | D:4      | Killed Natasha
  5619 | D:4      | Killed Robin
  6408 | D:3      | Found a hide-covered altar of Uskayaw.
  7277 | D:5      | Entered Level 5 of the Dungeon
  7294 | D:5      | Found a bloodstained altar of Trog.
  7296 | D:5      | Noticed a wizard
  7300 | D:5      | Killed a wizard
  7341 | D:5      | Found a blossoming altar of Fedhas.
  7536 | D:5      | Reached XP level 8. HP: 38/52 MP: 9/18
  7641 | D:5      | Found a staircase to the Ecumenical Temple.
  7651 | Temple   | Entered the Ecumenical Temple
  7651 | Temple   | Found a transporter.
  7651 | Temple   | Found a transporter.
  7653 | Temple   | Found a transporter.
  7653 | Temple   | Found a transporter.
  7910 | D:5      | Noticed Pikel
  7925 | D:5      | Slain by Pikel

Illustrated notes

Levels and vault maps discovered:
D:1:      psy_arrival_spokes, layout_basic, ebering_ecumenical_altar_ruins
D:2:      layout_basic, basic_altar, uniq_sigmund
D:3:      layout_basic, nicolae_uskayaw_dance_hall, dreamdust_mushroom_princess,
          kennysheep_path_1
D:4:      layout_basic, nrook_mini_backslash, uniq_natasha, uniq_robin,
          uniq_duvessa
D:5:      layout_basic, fedhas_ov_isle_minmay, trog_wizard,
          vehumet_altar_wand_db, minmay_temple_entry_trees,
          minmay_a_box_with_orc_wizards_in_it, uniq_pikel
Temple:   hellmonk_temple_divided_pantheon

Skill      XL: |  1  2  3  4  5  6  7  8 |
---------------+-------------------------+-----
Spellcasting   | 3 4 5 6 7 |  7.3
Ice Magic      | 5 6 7 |  7.0
Dodging        | |  2.6
Stealth        | |  2.1

Action                   |  1- 3 |  4- 6 |  7- 9 || total
-------------------------+-------+-------+-------++-------
Melee: Mace              |     8 |     2 |    27 ||    37
 Cast: Freeze            |    53 |    61 |    71 ||   185
       Frozen Ramparts   |     1 |     4 |     4 ||     9
       Ozocubu's Armour  |       |     3 |     7 ||    10
  Use: Scroll            |     4 |     2 |     2 ||     8
Armor: Robe              |     4 |       |       ||     4
       Leather armour    |    14 |     9 |    23 ||    46
Dodge: Dodged            |    33 |    28 |    45 ||   106
Block: Buckler           |    11 |     6 |     9 ||    26
